 Dungeon Crawl Stone Soup version 0.20-a0-9-g62d82d9 (webtiles) character file.

7465 Maramoto the Thaumaturge (level 11, -2/93 HPs)
             Began as a Gargoyle Earth Elementalist on Nov 1, 2016.
             Was a Priest of Vehumet.
             Killed from afar by a wretched star (15 damage)
             ... with an orb of energy
             ... on level 1 of the Abyss.
             The game lasted 00:39:59 (11408 turns).

Maramoto the Thaumaturge (GrEE)                    Turns: 11408, Time: 00:39:59

Health: -2/93      AC: 24    Str: 14 (16) XL:     11   Next: 15%
Magic:  5/19       EV: 16    Int: 20      God:    Vehumet [***...]
Gold:   463        SH:  0    Dex:  9 (10) Spells: 3 memorised, 20 levels left

rFire  . . .     SeeInvis +     r - +2 morningstar (protect)
rCold  . . .     Gourm    .     c - +0 robe
rNeg   + . .     Faith    .     (no shield)
rPois  ∞         Spirit   .     u - +1 helmet
rElec  +         Reflect  .     o - +1 cloak
rCorr  .         Harm     .     y - +2 pair of gloves "Plog" {SInv}
MR     .....                    (no boots)
Stlth  ..........               (no amulet)
                                h - ring of flight
                                m - +3 ring of evasion

@: berserking, protection aura, very quick
A: deterioration 2, low mp 2, negative energy resistance 1, electricity
resistance, unbreathing, petrification resistance, rot immunity, AC +7
a: Renounce Religion, Evoke Flight


You were on level 1 of the Abyss.
You worshipped Vehumet.
Vehumet was most pleased with you.
You were hungry.

You visited 2 branches of the dungeon, and saw 11 of its levels.
You visited the Abyss 1 time.

You collected 463 gold pieces.

Inventory:

Hand Weapons
 a - a +1 dagger of venom
 k - a +0 mace
 q - a +2 falchion of holy wrath
 r - a +2 morningstar of protection (weapon)
Missiles
 b - 234 stones (quivered)
 z - a throwing net
Armour
 c - a +0 robe (worn)
 g - a cursed +0 leather armour
 o - a +1 cloak (worn)
 u - a +1 helmet (worn)
 y - the +2 pair of gloves "Plog" (worn) {SInv}
   (You found it on level 5 of the Dungeon)

   It lets you see invisible.
Rods
 B - a +0 iron rod (13/13)
   (You found it on level 9 of the Dungeon)
Jewellery
 h - a ring of flight (right hand)
 m - a +3 ring of evasion (left hand)
Wands
 l - a wand of flame (19/48)
Scrolls
 f - 2 scrolls of amnesia
 i - 5 scrolls of remove curse
 j - a scroll of magic mapping
Potions
 n - a potion of curing
 s - a potion of flight
 t - a potion of agility
 v - a potion of ambrosia
Books
 e - a book of Geomancy

   Spells                             Type                      Level
   a - Sandblast                      Earth                        1
   b - Passwall                       Transmutation/Earth          2
   c - Stone Arrow                    Conjuration/Earth            3
   d - Petrify                        Transmutation/Earth          4
   e - Lee's Rapid Deconstruction     Earth                        5
 x - a book of Cantrips

   Spells                             Type                      Level
   a - Confusing Touch                Hexes                        1
   b - Animate Skeleton               Necromancy                   1
   c - Summon Small Mammal            Summoning                    1
   d - Apportation                    Translocation                1
 A - a book of Necromancy

   Spells                             Type                      Level
   a - Pain                           Necromancy                   1
   b - Animate Skeleton               Necromancy                   1
   c - Vampiric Draining              Necromancy                   3
   d - Regeneration                   Charms/Necromancy            3
   e - Animate Dead                   Necromancy                   4
   f - Control Undead                 Necromancy                   4
 D - a book of Callings

   Spells                             Type                      Level
   a - Summon Small Mammal            Summoning                    1
   b - Call Imp                       Summoning                    2
   c - Call Canine Familiar           Summoning                    3
   d - Summon Guardian Golem          Hexes/Summoning              3
   e - Summon Lightning Spire         Summoning/Air                4
   f - Summon Ice Beast               Ice/Summoning                4
Comestibles
 d - 5 bread rations
 w - 2 meat rations
 E - a slice of pizza
 F - a royal jelly


   Skills:
 + Level 4.9 Fighting
 + Level 4.4 Maces & Flails
 + Level 4.7 Armour
 + Level 4.2 Dodging
 - Level 2.1 Stealth
 * Level 9.5 Spellcasting
 + Level 7.4 Conjurations
   Level 0.7 Transmutations
 + Level 9.2 Earth Magic


You had 20 spell levels left.
You knew the following spells:

 Your Spells              Type           Power        Failure   Level  Hunger
a - Sandblast             Erth           #####.       1%          1    None
b - Stone Arrow           Conj/Erth      #####.       1%          3    None
c - Lee's Rapid Deconstr  Erth           #####.....   1%          5    #####..


Dungeon Overview and Level Annotations

Branches:
Dungeon (10/15)            Temple (1/1) D:5            Lair (0/6) D:8
    Orc: D:9-12

Altars:
Ashenzari
Cheibriados
Dithmenos
Elyvilon
Fedhas
Gozag
Hepliaklqana
Kikubaaqudgha
Makhleb
Nemelex Xobeh
Okawaru
Qazlal
Ru
Sif Muna
Trog
Uskayaw
Vehumet
Xom
Yredelemnul
Zin
The Shining One

Shops:
D:10 =


Innate Abilities, Weirdness & Mutations

You are resistant to torment.
Your stone body is resilient. (AC +7)
You are immune to poison.
You resist negative energy. (rN+)
You are resistant to electric shocks. (rElec)
You can survive without breathing.
You are immune to petrification.
You are immune to rotting.
[Your body often deteriorates upon taking damage.]
[Your magical capacity is very low. (-20% MP)]


Message History

Your body deteriorates!
You feel clumsy.
The orb of energy explodes!
A red film seems to cover your vision as you go berserk!
You feel yourself moving faster!
You feel mighty!
You puncture the wretched star!
Your weapon exudes an aura of protection.
The wretched star is severely damaged.
You barely miss the wretched star.
The wretched star is severely damaged.
The wretched star glows turbulently.
The orb of energy hits you!
* * * LOW HITPOINT WARNING * * *
Your body deteriorates!
You feel weakened.
The orb of energy explodes!
A smoke demon comes into view.
You barely miss the wretched star.
The wretched star is severely damaged.
The wretched star glows turbulently.
The orb of energy hits you!
You die...

## # #.# #. # #..
.# ## . ..#..###.##
. . .3#..#.#.# ...
##. #.#..##.##.#
.....##*.......###
. ##..
.#.....@##.......#
. #.
.....#/...#.#.#.##.
.... ...##.#..#'. #
# ...## .#####.. ##
#.. .## # #∩.. .# #
. # # ##......#
#.#. ...###.......#
# .._ ...'........#
. ... ####... ....
#


You could see a wretched star and a smoke demon.

Vanquished Creatures
  A death yak (D:8)
  The ghost of patman the Cleaver, a novice GrBe of Trog (D:9)
  A manticore (D:9)
  An elephant (D:8)
  The ghost of Naow the Magician, a novice DEFE of Vehumet (D:8)
  A merfolk (D:9)
  2 hippogriffs (D:8)
  2 hungry ghosts
  Menkaure (D:4)
  2 ice beasts (D:9)
  4 orc warriors
  2 black bears
  A necrophage (D:9)
  3 sky beasts
  A phantom (D:7)
  5 centaurs
  7 ogres
  2 crocodiles (D:8)
  A big kobold (D:8)
  A bullfrog (D:9)
  A scorpion (D:8)
  9 wights (D:7)
  5 killer bees (D:9)
  3 howler monkeys (D:8)
  10 crimson imps
  4 orc priests
  5 orc wizards
  A hound (D:7)
  2 jellies
  A bullfrog skeleton (D:9)
  2 centaur skeletons
  A worker ant (D:7)
  A killer bee zombie (D:8)
  A hound zombie (D:7)
  3 worker ant zombies
  4 gnolls (D:7)
  6 adders
  A shadow imp (D:6)
  An ooze (D:3)
  2 adder skeletons
  3 worms
  4 leopard geckos
  33 orcs
  5 giant cockroaches
  7 hobgoblins
  7 jackals (D:1)
  3 quokkas
  2 ball pythons
  7 bats
  6 frilled lizards
  12 goblins
  17 kobolds
  2 quokka skeletons
  A quokka zombie (D:7)
  10 rats
222 creatures vanquished.

Notes
Turn   | Place    | Note
-------+----------+-------------------------------------------
     0 | D:1      | Maramoto the Gargoyle Earth Elementalist began the quest for the Orb.
     0 | D:1      | Reached XP level 1. HP: 10/10 MP: 3/3
   169 | D:1      | Reached XP level 2. HP: 7/15 MP: 0/5
   954 | D:1      | Reached XP level 3. HP: 19/19 MP: 5/7
   959 | D:1      | Learned a level 3 spell: Stone Arrow
  1737 | D:2      | Found a faded altar of an unknown god.
  1834 | D:2      | Reached skill level 1 in Conjurations
  1834 | D:2      | Reached XP level 4. HP: 24/24 MP: 8/8
  2743 | D:3      | Reached XP level 5. HP: 28/28 MP: 5/10
  3019 | D:4      | Noticed Menkaure
  3027 | D:4      | Killed Menkaure
  3027 | D:4      | Reached skill level 5 in Earth Magic
  3027 | D:4      | Reached XP level 6. HP: 3/32 MP: 1/12
  3336 | D:3      | Learned a level 5 spell: Lee's Rapid Deconstruction
  4067 | D:5      | Entered Level 5 of the Dungeon
  4150 | D:5      | Reached skill level 5 in Spellcasting
  4150 | D:5      | Reached XP level 7. HP: 29/36 MP: 14/14
  4626 | D:5      | Found a staircase to the Ecumenical Temple.
  4636 | Temple   | Entered the Ecumenical Temple
  4700 | Temple   | Became a worshipper of Vehumet
  4845 | D:5      | Got a pair of bloodstained gloves
  4851 | D:5      | Identified the +2 pair of gloves "Plog" {SInv} (You found it on level 5 of the Dungeon)
  5108 | D:6      | Reached XP level 8. HP: 41/41 MP: 6/16
  5885 | D:6      | Found a glowing golden altar of the Shining One.
  5975 | D:7      | Reached skill level 5 in Conjurations
  6578 | D:7      | Reached * piety under Vehumet
  6578 | D:7      | Offered knowledge of Shock by Vehumet.
  7149 | D:7      | Reached skill level 1 in Armour
  7149 | D:7      | Reached XP level 9. HP: 46/46 MP: 12/19
  7151 | D:7      | Reached skill level 1 in Fighting
  7151 | D:7      | Reached skill level 1 in Maces & Flails
  7551 | D:8      | Found a staircase to the Lair.
  7551 | D:8      | Noticed an elephant
  7551 | D:8      | Noticed a death yak
  7870 | D:8      | Killed a death yak
  7872 | D:8      | Reached XP level 10. HP: 25/56 MP: 2/22
  8075 | D:8      | Found a radiant altar of Vehumet.
  8217 | D:8      | Killed an elephant
  8396 | D:8      | Noticed Naow's ghost (novice DEFE)
  8405 | D:8      | Killed Naow's ghost
  8405 | D:8      | Offered knowledge of Flame Tongue by Vehumet.
  8412 | D:8      | Reached ** piety under Vehumet
  9375 | D:9      | Offered knowledge of Throw Flame by Vehumet.
  9542 | D:9      | Noticed a manticore
  9556 | D:9      | Killed a manticore
 10149 | D:9      | Noticed patman's ghost (novice GrBe)
 10442 | D:9      | Killed patman's ghost
 10442 | D:9      | Reached XP level 11. HP: 20/62 MP: 15/24
 10617 | D:9      | Reached *** piety under Vehumet
 10988 | D:10     | Entered Level 10 of the Dungeon
 11120 | D:10     | Found Vied's Jewellery Boutique.
 11361 | D:9      | Cast into level 1 of the Abyss (orc warrior)
 11361 | Abyss:1  | Found a corrupted altar of Lugonu.
 11394 | Abyss:1  | Noticed a wretched star
 11408 | Abyss:1  | Killed from afar by a wretched star

Vault maps used:
D:1:      minmay_arrival_five_plusses, minmay_hexomino_u4
D:2:      minmay_diamond_boxcup, ecumenical_altar_2
D:3:      first_bread
D:4:      minmay_ruptured, uniq_menkaure
D:6:      nicolae_tso_swordbearing_angel
D:8:      david_lair_generic, basic_altar
D:9:      special_room, hangedman_fish_farm
D:10:     orc_0_dummy, basic_altar, serial_shops, shop
Temple:   dpeg_three_leaves_temple
Abyss:1:  hangedman_abyss_or_decor_jellyfish_corner

Skill      XL: |  1  2  3  4  5  6  7  8  9 10 |
---------------+-------------------------------+-----
Earth Magic    | 4 5 6 7 8 9 |  9.2
Spellcasting   | 3 4 5 7 8 9 |  9.5
Conjurations   | 1 2 3 4 5 6 7 |  7.4
Armour         | 1 3 4 |  4.7
Dodging        | 2 3 4 |  4.2
Fighting       | 3 4 |  4.9
Maces & Flails | 2 4 |  4.4
Stealth        | |  2.1
Transmutations | |  0.7

Action                   |  1- 3 |  4- 6 |  7- 9 | 10-12 || total
-------------------------+-------+-------+-------+-------++-------
Melee: Club              |     9 |       |       |       ||     9
       Short sword       |    44 |       |       |       ||    44
       Dagger            |    31 |   100 |       |       ||   131
       Morningstar       |       |    12 |   205 |   219 ||   436
 Cast: Sandblast         |    46 |    20 |     2 |       ||    68
       Stone Arrow       |       |    11 |    61 |    71 ||   143
       Lee's Rapid Decon |       |     1 |     4 |     7 ||    12
Evoke: Wand              |       |       |     8 |     5 ||    13
       Rod               |       |       |       |     2 ||     2
  Use: Scroll            |     5 |     5 |     7 |     4 ||    21
       Potion            |       |     5 |     3 |     6 ||    14
 Stab: Sleeping          |     1 |       |     5 |     1 ||     7
       Distracted        |       |     1 |       |       ||     1
  Eat: Chunk             |     3 |     7 |     6 |     9 ||    25
       Royal jelly       |       |     1 |     1 |     1 ||     3
       Beef jerky        |       |       |     3 |       ||     3
       Fruit             |       |       |     4 |       ||     4
       Meat ration       |       |       |     1 |       ||     1
       Bread ration      |       |       |       |     1 ||     1
Armor: Robe              |    56 |    39 |   105 |   111 ||   311
Dodge: Dodged            |   151 |    99 |   222 |   211 ||   683
